 Dungeon Crawl Stone Soup version 0.30-a0-743-gbfdf073431 (webtiles) character file.

Game seed: 15876902869094593553

5 Leeroy the Grasshopper (level 1, 0/11 HPs)
             Began as a Vine Stalker Warper on Feb 5, 2023.
             Slain by a goblin
             ... wielding a +0 club
             ... led by Robin
              (4 damage)
             ... on level 2 of the Dungeon.
             The game lasted 00:00:50 (47 turns).

Leeroy the Grasshopper (Vine Stalker Warper)          Turns: 47, Time: 00:00:50

Health: 0/11       AC:  3    Str: 13    XL:     1   Next: 80%
Magic:  0/4        EV: 11    Int: 13    God:
Gold:   11         SH:  0    Dex: 13    Spells: 4/4 levels left

rFire   . . .      SeeInvis .    a - +0 falchion
rCold   . . .      Faith    .    (no shield)
rNeg    . . .      Spirit   +    b - +0 leather armour
rPois   .          Reflect  .    (no helmet)
rElec   .          Harm     .    (no cloak)
rCorr   .          Rampage  .    (no gloves)
Will    .....                    (no boots)
Stlth   +                        (no amulet)
HPRegen 0.21/turn                (no ring)
MPRegen 0.09/turn                (no ring)

@: no status effects
A: fangs 2, magic shield, antimagic bite, no potion heal 2
a: no special abilities


You were on level 2 of the Dungeon.
You visited 1 branch of the dungeon, and saw 2 of its levels.

You collected 11 gold pieces.

Inventory:

Hand Weapons
 a - a +0 falchion (weapon)
Missiles
 d - 6 boomerangs of dispersal (quivered)
Armour
 b - a +0 leather armour (worn)
Scrolls
 c - a scroll of blinking
 e - a scroll of torment {unknown}
 f - a scroll of enchant weapon {unknown}


   Skills:
 - Level 1.7 Fighting
 + Level 2.2 Long Blades
 - Level 0.8 Throwing
 - Level 0.7 Armour
 - Level 1.5 Dodging
 - Level 2.1 Spellcasting
 - Level 3.0 Translocations


You had 4 spell levels left.
You didn't know any spells.
Your spell library contained the following spells:

 Spells                   Type           Power      Damage    Failure   Level
 Blink                    Tloc           18%        N/A       14%         2
 Lesser Beckoning         Tloc           18%        N/A       14%         2
 Teleport Other           Tloc           9%         N/A       28%         3
 Vhi's Electric Charge    Tloc/Air       10%        N/A       45%         3
 Manifold Assault         Tloc           9%         N/A       67%         4


Dungeon Overview and Level Annotations

Branches:
Dungeon (1/15)

Altars:

Annotations:
D:2 Robin


Innate Abilities, Weirdness & Mutations

You have extremely sharp teeth.
When hurt, damage is shared between your health and your magic reserves.
Your bite disrupts and absorbs the magic of your enemies.
Potions cannot restore your health.


Message History

Robin and 2 hobgoblins come into view.
Robin shouts!
The hobgoblin shouts!
The goblin completely misses you.
Robin roars a battlecry!
The goblins go into a battle-frenzy!
The hobgoblin barely misses you.
You hear a shout!
The hobgoblin shouts!
You hear a shout!
You slash the goblin!
You kill the goblin!
A goblin comes into view. It is wielding a +0 club.
The hobgoblin hits you.
A goblin comes into view. It is wielding a +0 dagger.
You hit the hobgoblin.
The hobgoblin is severely wounded.
The hobgoblin misses you. Robin throws the goblin at you!
You barely miss the hobgoblin. Your bite misses the hobgoblin.
The hobgoblin is severely wounded.
The goblin hits you with a +0 dagger.
A goblin comes into view. It is wielding a +0 club.
Robin says, "Bow before me, strongest of all the hobgoblins!"
Robin throws the goblin at you!
You hit the hobgoblin but do no damage. You bite the hobgoblin.
You kill the hobgoblin!
The goblin hits you with a +0 club. The goblin barely misses you.
The goblin closely misses you.
You are too injured to fight recklessly!
You are too injured to fight recklessly!
You are too injured to fight recklessly!
You are too injured to fight recklessly!
You are too injured to fight recklessly!
You don't know any spells.
Unknown command.
Throw: 7 boomerangs (disperse)
Press: ? - help, Q - select action Shift-Dir - straight line, f - goblin
Aim: a goblin, wielding a +0 club (strong, 47% to hit)
You throw a boomerang of dispersal.
The boomerang of dispersal closely misses the goblin.
The boomerang of dispersal hits the hobgoblin but does no damage.
The goblin hits you with a +0 club.
You die...

#### #####...
...$.#.. .
###......
....###.g..###.###
...gggg@g.........
..g..gg†#......###
....#####...####
... ..#.# .
####..# #.# .. ..#
..


You could see Robin, 2 hobgoblins and 6 goblins.

Vanquished Creatures
  A giant cockroach (D:1)
  A goblin (D:2)
  A hobgoblin (D:2)
  A kobold (D:1)
4 creatures vanquished.

Notes
Turn   | Place    | Note
-------+----------+-------------------------------------------
     0 | D:1      | Leeroy the Vine Stalker Warper began the quest for the Orb.
     0 | D:1      | Reached XP level 1. HP: 11/11 MP: 4/4
    38 | D:1      | You fall into a shaft and drop 1 floor!
    42 | D:2      | Noticed Robin
    47 | D:2      | Slain by a goblin

Illustrated notes

Levels and vault maps discovered:
D:1:      moated_graveyard_arrival, layout_basic, ebering_ecumenical_altar_box
D:2:      layout_rooms, basic_altar, hangedman_abyss_or_decor_lesser_grid,
          item_on_display_a, uniq_robin

Skill      XL: |  1 |
---------------+----+-----
Long Blades    | 2 |  2.2
Fighting       | |  1.7
Throwing       | |  0.8
Armour         | |  0.7
Dodging        | |  1.5
Spellcasting   | |  2.1
Translocations | |  3.0

Action                     || total
---------------------------++-------
  Melee: Falchion          ||     7
         Bite              ||     2
  Throw: Boomerang         ||     1
 Armour: Leather armour    ||     2
  Dodge: Dodged            ||     7

Table legend: (Time is in decaauts)
 A = Elapsed time spent in this place.
 B = Non-inter-level travel time spent in this place.
 C = Inter-level travel time spent in this place.
 D = Time resting spent in this place.
 E = Time spent auto-exploring this place.
 F = Levels seen in this place.
 G = Mean time per level.
                   A        B        C        D        E       F      G
               +--------+--------+--------+--------+--------+-----+--------+
         Total |     48 |     48 |      0 |      0 |     22 |   2 |   24.0 |
       Dungeon |     48 |     48 |      0 |      0 |     22 |   2 |   24.0 |
               +--------+--------+--------+--------+--------+-----+--------+

Top non-repeatable levels by time:
     D:1: 38 daAuts
     D:2: 9 daAuts
